 Dungeon Crawl Stone Soup version 0.24.0-1-gfbc8707 (webtiles) character file.

Game seed: 10820495157975723857, levelgen mode: deterministic

85 Buxparty the Poker (level 4, -2/35 HPs)
             Began as a Mummy Wanderer on Jan 8, 2020.
             Slain by a worm (10 damage)
             ... on level 2 of the Dungeon.
             The game lasted 00:03:38 (2028 turns).

Buxparty the Poker (Mummy Wanderer)                 Turns: 2028, Time: 00:03:39

Health: -2/35      AC:  4    Str: 17    XL:     4   Next: 25%
Magic:  6/6        EV: 11    Int:  9    God:
Gold:   27         SH:  0    Dex: 12    Spells: 4/5 levels left

rFire    x . .     SeeInvis .   a - +0 spear
rCold    + . .     Gourm    .   (no shield)
rNeg     + + +     Faith    .   c - +0 leather armour
rPois    ∞         Spirit   .   e - +0 helmet
rElec    .         Reflect  .   (no cloak)
rCorr    .         Harm     .   (no gloves)
MR       .....                  (no boots)
Stlth    +.........             (no amulet)
HPRegen  0.11/turn              (no ring)
MPRegen  0.10/turn              (no ring)

@: no status effects
A: no food or potions, fire vulnerability, cold resistance 1, negative energy
resistance 3, torment resistance, unbreathing
a: no special abilities


You were on level 2 of the Dungeon.
You were not hungry.

You visited 1 branch of the dungeon, and saw 2 of its levels.

You collected 27 gold pieces.

Inventory:

Hand Weapons
 a - a +0 spear (weapon)
Missiles
 b - 4 throwing nets (quivered)
Armour
 c - a +0 leather armour (worn)
 e - a +0 helmet (worn)
Scrolls
 d - 3 scrolls of identify {unknown}


   Skills:
 - Level 3.0 Fighting
 * Level 3.2 Polearms
 - Level 1.0 Throwing
 - Level 1.5 Dodging
   Level 1.0 Shields
 - Level 1.3 Spellcasting
   Level 1.5 Earth Magic


You had 4 spell levels left.
You knew the following spells:

 Your Spells              Type           Power        Failure   Level  Hunger
a - Freeze                Ice            #...         41%         1    N/A

Your spell library contained the following spells:

 Spells                   Type           Power        Failure   Level  Hunger
 Ozocubu's Armour         Chrm/Ice       #.......     78%         3    N/A

Dungeon Overview and Level Annotations

Branches:
Dungeon (2/15)

Altars:


Innate Abilities, Weirdness & Mutations

You do not eat or drink.
Your flesh is vulnerable to fire.
You are immune to poison.
Your flesh is cold resistant. (rC+)
You are immune to negative energy. (rN+++)
You are immune to unholy pain and torment.
You can survive without breathing.


Message History

You kill the goblin!
You now have 27 gold pieces (gained 12).
You start resting.
A worm comes into view.
Things that are here:
a leopard gecko corpse; a dart slug corpse You see here a sling bullet.
The worm closely misses you. The worm bites you!
* * * LOW HITPOINT WARNING * * *
You barely miss the worm. You hit the worm.
The worm is moderately wounded.
The worm misses you.
You barely miss the worm.
The worm is moderately wounded.
You hit the worm.
The worm is heavily wounded.
The worm bites you!
You die...

#..........#........
....##.#...#........
.............#.##.....
#.########.#.#.##.....
##.#........#...##.....
........................
....#.#..##########.....
!..##.#((# #.....
.......@.# #.....
#####.#w.#### #.....
............# #.....
####...†).#.# #.....
#....#.# # #.....
#....#.# #......
#....#?# #######
#..#.#.# #..#.#.#


You could see a worm.

Vanquished Creatures
  A crimson imp (D:2)
  An adder (D:2)
  A worm (D:2)
  2 dart slugs
  A leopard gecko (D:2)
  7 bats
  2 giant cockroaches
  4 goblins
  4 hobgoblins (D:1)
  2 jackals (D:1)
  3 kobolds (D:1)
  5 rats
33 creatures vanquished.

Notes
Turn   | Place    | Note
-------+----------+-------------------------------------------
     0 | D:1      | Buxparty the Mummy Wanderer began the quest for the Orb.
     0 | D:1      | Buxparty set off with the following items: a +0 spear, 4
                  | throwing nets, a +0 leather armour; and the following spell
                  | memorised: Freeze; and the following spells available to
                  | memorise: Ozocubu's Armour
     0 | D:1      | Reached XP level 1. HP: 18/18 MP: 2/2
    79 | D:1      | Reached skill level 1 in Polearms
   221 | D:1      | Reached XP level 2. HP: 18/24 MP: 4/4
   589 | D:1      | Reached XP level 3. HP: 11/29 MP: 5/5
  1869 | D:2      | Reached XP level 4. HP: 29/35 MP: 6/6
  2028 | D:2      | Slain by a worm

Levels and vault maps discovered:
D:1:      saegor_arrival_simple_e, layout_loops_ring, moated_statue,
          minivault_25
D:2:      layout_basic

Skill      XL: |  1  2  3 |
---------------+----------+-----
Polearms       | 1 2 3 |  3.2
Fighting       | |  3.0
Throwing       | |  1.0
Dodging        | |  1.5
Shields        | |  1.0
Spellcasting   | |  1.3
Earth Magic    | |  1.5

Action                   |  1- 3 |  4- 6 || total
-------------------------+-------+-------++-------
Melee: Spear             |   306 |    24 ||   330
Armor: Leather armour    |    79 |     9 ||    88
Dodge: Dodged            |   119 |    27 ||   146
